 Dungeon Sprint DCSS version 0.28.0 (webtiles) character file.

Game seed: 10371184251481597172

14 boopmooplesden the Protected (level 6, -4/66 HPs)
             Began as a Minotaur Fighter on Feb 11, 2022.
             Was a Believer of Okawaru.
             Killed from afar by Ijyb (30 damage)
             ... with a bolt of acid
             ... in the Dungeon (Sprint VI: "Thunderdome").
             The game lasted 00:01:23 (227 turns).

boopmooplesden the Protected (Minotaur Fighter)      Turns: 227, Time: 00:01:24

Health: -4/66      AC:  4    Str: 22    XL:     6   Next: 71%
Magic:  0/5        EV:  9    Int: 12    God:    Okawaru [**....]
Gold:   85         SH:  6    Dex: 10    Spells: 5/5 levels left

rFire   + + .      SeeInvis +   a - +0 long sword
rCold   . . .      Faith    .   c - +0 buckler
rNeg    + . .      Spirit   +   b - +0 scale mail
rPois   .          Reflect  .   (helmet restricted)
rElec   +          Harm     .   (no cloak)
rCorr   .          Rampage  .   (no gloves)
Will    .....      NoTele   +   (no boots)
Stlth   ..........              o - amulet of Isholeesm {Spirit Int+5}
HPRegen 0.21/turn               p - ring "Zumav" {*Corrode Fly rF+ rN+ Int+2}
MPRegen 0.09/turn               q - ring of Wafitax {+Blink rElec rF+ SInv Stlth-}

@: corroded, flying
A: horns 2, retaliatory headbutt
a: Renounce Religion, Evoke Blink, Heroism


You were in the Dungeon.
You worshipped Okawaru.
Okawaru was pleased with you.
You visited 1 branch You collected 220 gold pieces.
You spent 135 gold pieces at shops.

Inventory:

Hand Weapons
 a - a +0 long sword (weapon)
Armour
 b - a +0 scale mail (worn)
 c - a +0 buckler (worn)
Jewellery
 o - the amulet of Isholeesm (around neck) {Spirit Int+5}
   (You bought it in a shop in the Dungeon)

   [amulet of guardian spirit]

   It causes incoming damage to be divided between your reserves of health and
   magic.
   Int:       It affects your intelligence (+5).
 p - the ring "Zumav" (left hand) {*Corrode Fly rF+ rN+ Int+2}
   (You bought it in a shop in the Dungeon)

   [ring of flight]

   Int:       It affects your intelligence (+2).
   rF:        It protects you from fire.
   rN:        It protects you from negative energy.
   Fly:       It grants you flight.
   *Corrode:  It may corrode you when you take damage.
 q - the ring of Wafitax (right hand) {+Blink rElec rF+ SInv Stlth-}
   (You bought it in a shop in the Dungeon)

   [ring of protection from fire]

   rF:        It protects you from fire.
   rElec:     It insulates you from electricity.
   SInv:      It lets you see invisible.
   +Blink:    It lets you blink.
   Stlth:     It makes you less stealthy.
Wands
 l - a wand of acid (5)
 m - a wand of iceblast (5)
Scrolls
 j - 4 scrolls of blinking
 n - 3 scrolls of fog
Potions
 e - a potion of curing
 f - 2 potions of heal wounds
 g - 4 potions of haste
 h - 2 potions of magic
 i - a potion of berserk rage
 k - a potion of resistance


   Skills:
 + Level 9.8 Fighting
 + Level 6.4 Long Blades
 + Level 10.2 Armour
 + Level 0.5 Dodging
 + Level 10.2 Shields


You had 5 spell levels left.
You didn't know any spells.
Your spell library was empty.

Dungeon Overview and Level Annotations

Branches:
Dungeon (1/1)

Altars:
Cheibriados
Dithmenos
Fedhas
Gozag
Kikubaaqudgha
Makhleb
Okawaru
Qazlal
Ru
Sif Muna
Trog
Uskayaw
Vehumet
Wu Jian
Xom
Yredelemnul
Zin
The Shining One
Beogh
Lugonu

Shops:
D *[??*?*:[((!!!!

Annotations:
D Ijyb, Pikel


Innate Abilities, Weirdness & Mutations

You have a pair of horns on your head.
You reflexively headbutt those who attack you in melee.


Message History

You kill the kobold brigand!
Okawaru accepts your kill.
Your base Armour skill increases to level 10!
Your base Shields skill increases to level 10!
Things that are here:
a +0 dagger; 7 poisoned darts; a kobold corpse You feel much better.
You feel like a meek peon again.
Pikel, Merchant of Souls comes into view.
He is wielding a +1 whip of freezing.
Pikel shouts!
Pikel says, "You'll feel the lick of my whip!"
Pikel hits you but does no damage.
Ijyb the Twisted Goblin comes into view.
She is wielding a +0 club and carrying a wand of acid (6).
You slash Pikel! Your headbutt misses Pikel.
Pikel is moderately wounded.
You block Pikel's attack.
Ijyb screams, "You nasty!
Big nasty!"
You hit Pikel.
Pikel is heavily wounded.
Pikel hits you but does no damage.
You hit Pikel.
Pikel is heavily wounded.
Pikel hits you with a +1 whip of freezing!
Pikel freezes you.
Ijyb zaps a wand.
The bolt of acid hits you!! The acid corrodes you!
You barely miss Pikel. You headbutt Pikel, but do no damage.
Pikel is heavily wounded.
Pikel hits you with a +1 whip of freezing.
Pikel freezes you.
You barely miss Pikel. You headbutt Pikel, but do no damage.
Pikel is heavily wounded.
Pikel hits you with a +1 whip of freezing.
* * * LOW HITPOINT WARNING * * *
Pikel freezes you.
* * * LOW HITPOINT WARNING * * *
Ijyb zaps a wand.
The bolt of acid hits you!
* * * LOW HITPOINT WARNING * * *
Pikel hits you but does no damage.
You feel much better.
Ijyb zaps a wand.
The bolt of acid hits you!!
You die...

#_......._# #_......._#
###.........###
#⌠...........⌠#
######.8.........8.#####
##.___......###......___∩
###∩........8.# #.8†.......
##.....g..K...†###..........
#⌠.........@###...###.......
#⌠..........# #.<.# #.......
#⌠..........###...###..)....
##.............###..........
###∩........8.# #.8........
##∩___......###......_..∩
######.8.........8.#####
#⌠...........⌠#
###..†......###


You could see Pikel and Ijyb.

Vanquished Creatures
  A water moccasin (D)
  A kobold brigand (D)
  4 scorpions (D)
  A killer bee (D)
  A goblin (D)
8 creatures vanquished.

Notes
Turn   | Place    | Note
-------+----------+-------------------------------------------
     0 | D        | boopmooplesden the Minotaur Fighter began the quest for the
                  | Orb.
     0 | D        | Reached XP level 1. HP: 19/19 MP: 0/0
     3 | D        | Found an opulent altar of Gozag.
     3 | D        | Found a sacrificial altar of Ru.
     4 | D        | Found a blossoming altar of Fedhas.
     4 | D        | Found a corrupted altar of Lugonu.
     5 | D        | Found an iron altar of Okawaru.
     5 | D        | Found a shimmering blue altar of Sif Muna.
     5 | D        | Round 1.
     6 | D        | Found a hide-covered altar of Uskayaw.
     6 | D        | Found a basalt altar of Yredelemnul.
     6 | D        | Found Irhiofoig's Identification Station.
     7 | D        | Found Hieb's Jewellery.
     7 | D        | Found Nifared's Advanced Armour.
    13 | D        | Became a worshipper of Warmaster Okawaru
    18 | D        | Bought a bound iron amulet for 45 gold pieces
    18 | D        | Identified the amulet of Isholeesm {Spirit Int+5} (You
                  | bought it in a shop in the Dungeon)
    18 | D        | Bought a wavering lead ring for 45 gold pieces
    18 | D        | Identified the ring "Zumav" {*Corrode Fly rF+ rN+ Int+2}
                  | (You bought it in a shop in the Dungeon)
    18 | D        | Bought a transparent lead ring for 45 gold pieces
    18 | D        | Identified the ring of Wafitax {+Blink rElec rF+ SInv
                  | Stlth-} (You bought it in a shop in the Dungeon)
    28 | D        | Found a burning altar of Makhleb.
    29 | D        | Found an ancient bone altar of Kikubaaqudgha.
    30 | D        | Found a glowing silver altar of Zin.
    30 | D        | Noticed a scorpion
    31 | D        | Found Luicaer's Premium Goods.
    32 | D        | Found Mexozen's Miscellaneous Merchandise.
    32 | D        | Found Tijolar's Basic Armour.
    34 | D        | Found a snail-covered altar of Cheibriados.
    34 | D        | Found Ecaf's Weapon Rack.
    35 | D        | Noticed a killer bee
    38 | D        | Killed a scorpion
    39 | D        | Reached skill level 5 in Fighting
    39 | D        | Reached XP level 2. HP: 21/30 MP: 1/1
    39 | D        | Reached XP level 3. HP: 25/37 MP: 2/2
    40 | D        | Killed a killer bee
    40 | D        | Reached * piety under Okawaru
    41 | D        | Reached XP level 4. HP: 31/45 MP: 3/3
    48 | D        | Found a shimmering altar of Xom.
    48 | D        | Found a glowing golden altar of the Shining One.
    60 | D        | Noticed a scorpion
    61 | D        | Found a shadowy altar of Dithmenos.
    61 | D        | Found a stormy altar of Qazlal.
    61 | D        | Noticed a scorpion
    62 | D        | Found a radiant altar of Vehumet.
    63 | D        | Found Loqicaq's Distillery.
    63 | D        | Found an ornate altar of the Wu Jian Council.
    63 | D        | Found Jaoruvon's Do-It-Yourself Clinic.
    64 | D        | Killed a scorpion
    65 | D        | Reached XP level 5. HP: 41/52 MP: 4/4
    67 | D        | Found a bloodstained altar of Trog.
    68 | D        | Found Xuruqin's Staff Store.
    69 | D        | Found Zelokes's Must-Have Magic.
    69 | D        | Found Suomuoti's Magic Scroll Shop.
    70 | D        | Found Mootu's Magic Scroll Shop.
    91 | D        | Found Uqublawe's Bottled Wisdom.
    91 | D        | Found Ebrecab's Distillery.
   112 | D        | Noticed a water moccasin
   128 | D        | Killed a water moccasin
   128 | D        | Reached ** piety under Okawaru
   129 | D        | Reached skill level 5 in Long Blades
   129 | D        | Reached XP level 6. HP: 35/63 MP: 5/5
   131 | D        | Arena points: 14 (+14) [x2]
   171 | D        | Round 2.
   209 | D        | Reached skill level 10 in Armour
   209 | D        | Reached skill level 10 in Shields
   216 | D        | Noticed Pikel
   221 | D        | Noticed Ijyb
   227 | D        | Killed from afar by Ijyb

Illustrated notes

Levels and vault maps discovered:
D:        arena_sprint

Skill      XL: |  1  2  3  4  5  6 |
---------------+-------------------+-----
Fighting       | 5 6 7 9 |  9.8
Long Blades    | 3 4 5 6 |  6.4
Armour         | 6 7 9 10 | 10.2
Shields        | 6 7 9 10 | 10.2
Dodging        | |  0.5

Action                   |  1- 3 |  4- 6 || total
-------------------------+-------+-------++-------
Melee: Long sword        |     6 |    28 ||    34
       Headbutt          |     1 |     2 ||     3
Invok: Heroism           |       |     1 ||     1
  Use: Potion            |     1 |     2 ||     3
Armor: Scale mail        |     4 |    11 ||    15
Dodge: Dodged            |     3 |     9 ||    12
Block: Buckler           |     4 |     6 ||    10
